cohdb
Replays
Latest Replays
All Replays
Popular Replays
Top Player Replays
Match Explorer
How It Works
Community
CoH3 Stats
Reddit
Sign in to upload your games and track your stats! →
Sign in with Steam
Match 39964077
Unlisted
Match 39964077
Overview
Messages
Build Orders
End
Construct Barracks
Selects Heavy Weapons
Engineer Squad
Riflemen Squad
Construct Weapon Support Center
M1919 Machine Gun Team
1⁄4-ton 4x4 Truck
Infantry Support Center
Grenade Package
Riflemen Squad
Selects Assault Carriers
M3 Assault Carrier
Selects Exchangeable Parts
Construct Medical Station
Construct Motor Pool
M8 Greyhound Armored Car
Selects M2HB .50cal Heavy Machine Gun
Selects Gallant Stand
Engineer Squad
Advanced Logistics
Demolitions Package
M1918 Browning Automatic Rifles
Construct Tank Depot
[GG]Onkel Stonkel
[GG]Quiq
Achilles
MS GRIDDLER
0
0
Comments
sign in to comment!
No comments posted yet!